 Dungeon Sprint DCSS version 0.21-a0-297-ga3d34c2 (webtiles) character file.

3196 potatolord6000 the Martial Artist (level 9, -5/90 HPs)
             Began as a Gnoll Transmuter on Sept 28, 2017.
             Was a High Priest of Sif Muna.
             Slain by a lindwurm (8 damage)
             ... in the Dungeon (Sprint IX: "|||||||||||||||||||||||||||||").
             The game lasted 00:03:53 (751 turns).

potatolord6000 the Martial Artist (Gnoll Transmuter) Turns: 751, Time: 00:03:55

Health: -5/90      AC:  7    Str: 20    XL:     9   Next: 96%
Magic:  21/21      EV: 17    Int: 19    God:    Sif Muna [*****.]
Gold:   0          SH:  0    Dex: 19    Spells: 15/25 levels left

rFire    x . .     SeeInvis .     - Unarmed
rCold    + + +     Gourm    .   (shield currently unavailable)
rNeg     . . .     Faith    .   (armour currently unavailable)
rPois    +         Spirit   .   (helmet currently unavailable)
rElec    .         Reflect  .   (cloak currently unavailable)
rCorr    .         Harm     .   (gloves currently unavailable)
MR       .....     NoTele   +   (boots currently unavailable)
Stlth    ++++......             (no amulet)
HPRegen  0.25/turn              o - +3 ring of intelligence
MPRegen  0.17/turn              p - +3 ring of dexterity

@: mighty, ice-form, berserk cooldown, slowed, very slow
A: distributed training, strong nose
a: End Transformation, Divine Energy, Channel Magic, Forget Spell, Renounce
Religion


You were in the Dungeon.
You worshipped Sif Muna.
Sif Muna was extremely pleased with you.
You were not hungry.
You were a creature of crystalline ice.
You visited 1 branch

Inventory:

Missiles
 a - 35 arrows
Armour
 b - a +2 robe (melded)
 m - a +0 helmet (melded)
 n - a +0 cloak (melded)
Jewellery
 o - a +3 ring of intelligence (left front paw)
 p - a +3 ring of dexterity (right front paw)
Scrolls
 k - 6 scrolls of remove curse
 l - 2 scrolls of amnesia
 q - a scroll of summoning
 r - a scroll of fog
 t - 2 scrolls of fear
 u - a scroll of blinking
Potions
 e - a potion of brilliance
 f - a potion of berserk rage
 h - 4 potions of magic
 i - a potion of agility
Books
 c - a book of Changes

   Spells                             Type                      Level
   a - Beastly Appendage              Transmutation                1
   b - Sticks to Snakes               Transmutation                2
   c - Spider Form                    Transmutation/Poison         3
   d - Ice Form                       Ice/Transmutation            4
   e - Blade Hands                    Transmutation                5
Comestibles
 d - a bread ration


   Skills:
 + Level 8.5 Fighting
 + Level 7.9 Short Blades
 + Level 8.1 Long Blades
 + Level 8.2 Axes
 + Level 8.0 Maces & Flails
 + Level 7.8 Polearms
 + Level 8.0 Staves
 + Level 8.0 Slings
 + Level 8.0 Bows
 + Level 8.0 Crossbows
 + Level 8.0 Throwing
 + Level 8.2 Armour
 + Level 9.1 Dodging
 + Level 7.6 Stealth
   Level 0.0 Stabbing
 + Level 8.1 Shields
   Level 0.0 Traps
 + Level 9.9 Unarmed Combat
 + Level 8.9 Spellcasting
 + Level 7.5 Conjurations
 + Level 8.0 Hexes
 + Level 7.4 Charms
 + Level 7.6 Summonings
 + Level 7.8 Necromancy
 + Level 7.5 Translocations
 + Level 9.5 Transmutations
 + Level 7.7 Fire Magic
 + Level 8.0 Ice Magic
 + Level 7.9 Air Magic
 + Level 8.0 Earth Magic
 + Level 8.0 Poison Magic
 + Level 7.8 Invocations
   Level 8.0 Evocations


You had 15 spell levels left.
You knew the following spells:

 Your Spells              Type           Power        Failure   Level  Hunger
a - Beastly Appendage     Tmut           #####.       1%          1    None
b - Ice Form              Ice/Tmut       #####...     2%          4    ###....
c - Blade Hands           Tmut           #####.....   4%          5    #####..


Dungeon Overview and Level Annotations

Branches:
Dungeon (1/1)

Altars:
Cheibriados
Dithmenos
Elyvilon
Fedhas
Gozag
Hepliaklqana
Kikubaaqudgha
Makhleb
Nemelex Xobeh
Okawaru
Qazlal
Ru
Sif Muna
Trog
Uskayaw
Vehumet
Wu Jian
Xom
Yredelemnul
Zin
The Shining One
Beogh
Jiyva
Lugonu


Innate Abilities, Weirdness & Mutations

Your experience applies equally to all skills.
((You have very sharp teeth.))
Your uncanny sense of smell can sniff out nearby items.


Message History

Your Poison Magic skill increases to level 8!
Your Evocations skill increases to level 8!
You are no longer berserk.
You are exhausted.
You feel yourself slow down. The lindwurm breathes flames at you.
The blast of flame hits you! The fire burns you terribly!
* * * LOW HITPOINT WARNING * * *
You see here a hippogriff corpse.
You punch the lindwurm! You freeze the lindwurm.
The lindwurm is heavily wounded.
The lindwurm closely misses you. The lindwurm barely misses you.
The lindwurm claws you!
* * * LOW HITPOINT WARNING * * *
Unknown command.
You feel very mighty all of a sudden. The lindwurm misses you. x2
The lindwurm claws you but does no damage.
The lindwurm bites you!
You die...

▓▓▓▓▓▓▓▓▓▓▓▓▓▓▓▓▓▓▓▓▓▓▓▓▓▓▓▓▓▓▓▓▓
...†)†...'_______________________
▓▓▓▓▓▓▓▓▓▓▓▓▓▓▓▓▓▓▓▓▓▓▓▓▓▓▓▓▓▓▓▓▓
.................................
▓▓▓▓▓▓▓▓▓▓▓▓▓▓▓▓▓▓▓▓▓▓▓▓▓▓▓▓▓▓▓▓▓
'.....!|......†:YkS.....
▓▓▓▓▓▓▓▓▓▓▓▓▓▓▓▓▓▓▓▓▓▓▓▓
∆∆∆∆∆∆∆∆∆∆∆∆∆ ∆∆∆∆∆∆∆∆∆∆∆∆


You could see a lindwurm and a water moccasin.

Vanquished Creatures
  2 two-headed ogres (D)
  2 spiny frogs (D)
  A troll (D)
  2 hippogriffs (D)
  A basilisk (D)
  A yak (D)
  A sky beast (D)
  A phantom (D)
  A centaur (D)
  2 crocodiles (D)
  A killer bee (D)
  2 hounds (D)
  An orc priest (D)
  An adder (D)
  An ooze (D)
  A bat zombie (D)
  A giant cockroach (D)
  A goblin (D)
  A hobgoblin (D)
  4 jackals (D)
  A kobold (D)
29 creatures vanquished.

Notes
Turn   | Place    | Note
-------+----------+-------------------------------------------
     0 | D        | potatolord6000 the Gnoll Transmuter began the quest for the Orb.
     0 | D        | Reached XP level 1. HP: 17/17 MP: 6/6
     9 | D        | Reached skill level 1 in Axes
     9 | D        | Reached skill level 1 in Maces & Flails
     9 | D        | Reached skill level 1 in Armour
     9 | D        | Reached skill level 1 in Shields
    10 | D        | Reached skill level 1 in Short Blades
    10 | D        | Reached skill level 1 in Conjurations
    13 | D        | Reached skill level 1 in Poison Magic
    19 | D        | Reached skill level 1 in Staves
    19 | D        | Reached skill level 1 in Air Magic
    19 | D        | Reached skill level 1 in Earth Magic
    44 | D        | Noticed an orc priest
    44 | D        | Noticed a sky beast
    46 | D        | Reached skill level 1 in Slings
    46 | D        | Reached skill level 5 in Dodging
    46 | D        | Reached XP level 2. HP: 24/24 MP: 5/7
    47 | D        | Reached skill level 1 in Crossbows
    47 | D        | Reached skill level 1 in Stealth
    50 | D        | Reached skill level 1 in Throwing
    50 | D        | Reached skill level 5 in Spellcasting
    50 | D        | Reached skill level 1 in Necromancy
    50 | D        | Reached skill level 1 in Fire Magic
    50 | D        | Reached skill level 1 in Evocations
    51 | D        | Reached skill level 1 in Long Blades
    51 | D        | Reached skill level 1 in Hexes
    51 | D        | Reached skill level 1 in Charms
    51 | D        | Reached skill level 1 in Summonings
    51 | D        | Reached skill level 1 in Translocations
    51 | D        | Reached skill level 5 in Transmutations
    51 | D        | Reached skill level 1 in Ice Magic
    51 | D        | Reached XP level 3. HP: 30/30 MP: 5/9
    55 | D        | Killed a sky beast
    55 | D        | Reached XP level 4. HP: 38/38 MP: 5/11
    55 | D        | Reached XP level 5. HP: 43/43 MP: 5/13
    60 | D        | Found a roughly hewn altar of Beogh.
    60 | D        | Found a snail-covered altar of Cheibriados.
    60 | D        | Found a shadowy altar of Dithmenos.
    60 | D        | Found a white marble altar of Elyvilon.
    60 | D        | Found a blossoming altar of Fedhas.
    60 | D        | Found an opulent altar of Gozag.
    61 | D        | Found a hazy altar of Hepliaklqana.
    62 | D        | Found a viscous altar of Jiyva.
    63 | D        | Found an ancient bone altar of Kikubaaqudgha.
    64 | D        | Found a corrupted altar of Lugonu.
    65 | D        | Found a burning altar of Makhleb.
    66 | D        | Found a sparkling altar of Nemelex Xobeh.
    67 | D        | Found an iron altar of Okawaru.
    68 | D        | Found a stormy altar of Qazlal.
    69 | D        | Found a sacrificial altar of Ru.
    70 | D        | Found a deep blue altar of Sif Muna.
    71 | D        | Found a bloodstained altar of Trog.
    72 | D        | Found a hide-covered altar of Uskayaw.
    73 | D        | Found a radiant altar of Vehumet.
    74 | D        | Found an ornate altar of the Wu Jian Council.
    75 | D        | Found a shimmering altar of Xom.
    76 | D        | Found a basalt altar of Yredelemnul.
    77 | D        | Found a glowing silver altar of Zin.
    78 | D        | Became a worshipper of Sif Muna the Loreminder
    79 | D        | Found a glowing golden altar of the Shining One.
   123 | D        | Learned a level 4 spell: Ice Form
   129 | D        | Learned a level 5 spell: Blade Hands
   130 | D        | Noticed a two-headed ogre
   132 | D        | Reached skill level 5 in Fighting
   155 | D        | Killed a two-headed ogre
   155 | D        | Reached * piety under Sif Muna
   155 | D        | Reached ** piety under Sif Muna
   155 | D        | Reached skill level 5 in Short Blades
   155 | D        | Reached skill level 5 in Long Blades
   155 | D        | Reached skill level 5 in Axes
   155 | D        | Reached skill level 5 in Maces & Flails
   155 | D        | Reached skill level 5 in Polearms
   155 | D        | Reached skill level 5 in Staves
   155 | D        | Reached skill level 5 in Slings
   155 | D        | Reached skill level 5 in Bows
   155 | D        | Reached skill level 5 in Crossbows
   155 | D        | Reached skill level 5 in Throwing
   155 | D        | Reached skill level 5 in Armour
   155 | D        | Reached skill level 5 in Stealth
   155 | D        | Reached skill level 5 in Shields
   155 | D        | Reached skill level 5 in Conjurations
   155 | D        | Reached skill level 5 in Hexes
   155 | D        | Reached skill level 5 in Charms
   155 | D        | Reached skill level 5 in Summonings
   155 | D        | Reached skill level 5 in Necromancy
   155 | D        | Reached skill level 5 in Translocations
   155 | D        | Reached skill level 5 in Fire Magic
   155 | D        | Reached skill level 5 in Ice Magic
   155 | D        | Reached skill level 5 in Air Magic
   155 | D        | Reached skill level 5 in Earth Magic
   155 | D        | Reached skill level 5 in Poison Magic
   155 | D        | Reached skill level 5 in Invocations
   155 | D        | Reached skill level 5 in Evocations
   155 | D        | Reached XP level 6. HP: 42/53 MP: 12/16
   155 | D        | Reached XP level 7. HP: 47/59 MP: 12/17
   284 | D        | Noticed a hippogriff
   284 | D        | Noticed a troll
   284 | D        | Noticed a two-headed ogre
   286 | D        | Reached XP level 8. HP: 65/65 MP: 13/19
   293 | D        | Killed a hippogriff
   303 | D        | Killed a troll
   303 | D        | Reached *** piety under Sif Muna
   310 | D        | Killed a two-headed ogre
   310 | D        | Reached XP level 9. HP: 25/74 MP: 8/21
   718 | D        | Noticed a spiny frog
   718 | D        | Noticed a spiny frog
   728 | D        | Killed a spiny frog
   728 | D        | Reached **** piety under Sif Muna
   730 | D        | Noticed a lindwurm
   742 | D        | Killed a spiny frog
   748 | D        | Reached ***** piety under Sif Muna
   748 | D        | Received a gift from Sif Muna
   750 | D        | HP: 2/90 [lindwurm (7)]
   751 | D        | Slain by a lindwurm

Vault maps used:
D:        linesprint

Skill      XL: |  1  2  3  4  5  6  7  8  9 |
---------------+----------------------------+-----
Axes           | 1 2 5 7 8 |  8.2
Maces & Flails | 1 2 3 5 7 8 |  8.0
Armour         | 1 2 3 5 6 7 8 |  8.2
Shields        | 1 2 3 5 6 7 8 |  8.1
Short Blades   | 1 2 3 5 6 7 |  7.9
Conjurations   | 1 2 3 5 6 7 |  7.5
Poison Magic   | 1 2 3 5 7 8 |  8.0
Staves         | 1 3 5 7 8 |  8.0
Air Magic      | 1 2 3 5 6 7 |  7.9
Earth Magic    | 1 2 3 5 6 7 8 |  8.0
Fighting       | 3 4 6 7 8 |  8.5
Slings         | 1 2 3 5 6 7 8 |  8.0
Dodging        | 5 7 8 9 |  9.1
Crossbows      | 1 3 5 6 7 8 |  8.0
Stealth        | 1 3 5 6 7 |  7.6
Throwing       | 2 3 5 7 8 |  8.0
Spellcasting   | 5 7 8 |  8.9
Necromancy     | 2 3 5 7 |  7.8
Fire Magic     | 1 3 5 6 7 |  7.7
Evocations     | 2 5 6 8 |  8.0
Long Blades    | 1 3 5 6 7 8 |  8.1
Bows           | 2 3 5 7 8 |  8.0
Hexes          | 1 2 5 6 8 |  8.0
Charms         | 1 2 5 6 7 |  7.4
Summonings     | 1 2 5 6 7 |  7.6
Translocations | 1 2 5 6 7 |  7.5
Transmutations | 5 7 8 9 |  9.5
Ice Magic      | 1 3 5 7 8 |  8.0
Invocations    | 2 3 5 7 |  7.8
Polearms       | 2 5 7 |  7.8
Unarmed Combat | 8 9 |  9.9

Action                   |  1- 3 |  4- 6 |  7- 9 || total
-------------------------+-------+-------+-------++-------
Melee: Unarmed           |    21 |    14 |    52 ||    87
       Kick              |     5 |       |       ||     5
       Bite              |     1 |       |     2 ||     3
       Punch             |       |       |     2 ||     2
 Cast: Beastly Appendage |     2 |       |       ||     2
       Ice Form          |       |     1 |     2 ||     3
       Blade Hands       |       |       |     2 ||     2
  Use: Potion            |     1 |     7 |     6 ||    14
       Scroll            |       |     1 |     3 ||     4
 Stab: Invisible         |       |     1 |     1 ||     2
       Distracted        |       |       |     1 ||     1
Armor: Robe              |     2 |       |     4 ||     6
       Skin              |       |     1 |     2 ||     3
Dodge: Dodged            |     8 |     9 |    39 ||    56

Table legend:
 A = Spawn XP
 B = Non-spawn XP
 C = Spawn XP percentage of total XP
 D = Spawn monster count
 E = Non-spawn monster count
 F = Spawn count percentage of total count
 G = Total turns spent on level
                    A         B        C        D         E        F      G
               +---------+---------+-------+---------+---------+-------+---------
         Total |       0 |    4567 |   0.0 |       0 |      29 |   0.0 |   751
               +---------+---------+-------+---------+---------+-------+---------
             D |       0 |    4567 |   0.0 |       0 |      29 |   0.0 |   751
               +---------+---------+-------+---------+---------+-------+---------
